 Dungeon Crawl Stone Soup version 0.26.1-11-gd32895ea62 (webtiles) character file.

Game seed: 17327886138239072898

3985 Kukuleta the Skirmisher (level 10, 0/82 HPs)
             Began as a Demonspawn Fire Elementalist on June 22, 2021.
             Was a Believer of Sif Muna.
             Slain by a hornet (7 damage)
             ... on level 7 of the Dungeon.
             The game lasted 01:10:53 (13607 turns).

Kukuleta the Skirmisher (DsFE)                     Turns: 13607, Time: 01:10:54

Health: 0/82       AC:  8    Str:  9    XL:     10   Next: 3%
Magic:  0/16       EV: 12    Int: 19    God:    Sif Muna [**....]
Gold:   377        SH:  0    Dex: 14    Spells: 17/18 levels left

rFire    + . .     SeeInvis .   w - +2 flail (protect)
rCold    + . .     Faith    .   (no shield)
rNeg     . . .     Spirit   +   B - +1 leather armour {rF+}
rPois    .         Reflect  .   c - +0 hat
rElec    .         Harm     .   (no cloak)
rCorr    .         Rampage  .   A - +0 pair of gloves
Will     .....                  (no boots)
Stlth    ++........             (no amulet)
HPRegen  0.23/turn              o - ring of protection from cold
MPRegen  0.15/turn              (no ring)

@: lethally poisoned (0 -> -4), slowed, very slow
A: claws 2, rugged brown scales 2, demonic guardian 1, magic shield
a: Renounce Religion, Channel Magic


You were on level 7 of the Dungeon.
You worshipped Sif Muna.
Sif Muna was pleased with you.
You visited 2 branches of the dungeon, and saw 9 of its levels.

You collected 377 gold pieces.

Inventory:

Hand Weapons
 b - a +0 whip
 f - a +4 mace
 v - a +3 trident
 w - a +2 flail of protection (weapon)
Armour
 a - a +0 robe
 c - a +0 hat (worn)
 m - a +0 ring mail
 A - a +0 pair of gloves (worn)
 B - a +1 leather armour of fire resistance (worn)
Jewellery
 o - a ring of protection from cold (left hand)
Wands
 x - a wand of digging (3)
 y - a wand of flame (22)
 D - a wand of random effects (14)
Scrolls
 d - 4 scrolls of remove curse
 e - 2 scrolls of random uselessness {unknown}
 h - 8 scrolls of identify
 k - 3 scrolls of enchant weapon {unknown}
 l - a scroll of teleportation {unknown}
 p - a scroll of amnesia {unknown}
 q - a scroll of enchant armour {unknown}
 F - a scroll of magic mapping {unknown}
Potions
 g - 2 potions of curing
 i - 2 potions of flight {unknown}
 j - 3 potions of lignification {unknown}
 n - a potion of attraction {unknown}
 r - a potion of degeneration {unknown}
 s - 2 potions of magic {unknown}
 t - a potion of experience {unknown}
 u - 3 potions of heal wounds
 z - 2 potions of brilliance {unknown}
 C - a potion of invisibility {unknown}
 E - a potion of cancellation {unknown}


   Skills:
 + Level 7.2 Fighting
 + Level 6.5 Maces & Flails
 - Level 7.0 Armour
 - Level 1.7 Dodging
 - Level 1.7 Stealth
 + Level 4.6 Spellcasting
 - Level 1.9 Conjurations
 * Level 4.8 Fire Magic


You had 17 spell levels left.
You knew the following spells:

 Your Spells              Type           Power        Failure   Level
a - Foxfire               Conj/Fire      68%          4%          1

Your spell library contained the following spells:

 Spells                   Type           Power        Failure   Level
 Conjure Flame            Conj/Fire      17%          13%         3
 Inner Flame              Hex/Fire       13%          19%         3
 Sticky Flame             Conj/Fire      17%          38%         4
 Fireball                 Conj/Fire      8%           75%         5


Dungeon Overview and Level Annotations

Branches:
Dungeon (8/15)             Temple (1/1) D:4
   Lair: D:8-11

Altars:
Ashenzari
Cheibriados
Dithmenos
Elyvilon
Fedhas
Gozag
Hepliaklqana
Kikubaaqudgha
Makhleb
Nemelex Xobeh
Okawaru
Qazlal
Ru
Sif Muna
Trog
Uskayaw
Vehumet
Yredelemnul
Zin
The Shining One

Shops:
D:5 [   D:6 }

Annotations:
D:7 2 transporters, Glamhuggeren's ghost, novice DsFE


Innate Abilities, Weirdness & Mutations

You have very sharp fingernails.
You are mostly covered in rugged brown scales. (AC +2, +5% HP)
A weak demonic guardian rushes to your aid.
When hurt, damage is shared between your health and your magic reserves.


Message History

* * * LOW HITPOINT WARNING * * *
You feel yourself slow down.
You feel sick. The hornet stings you!
* * * LOW HITPOINT WARNING * * *
You shrug off the repeated paralysis!
Your white imp gestures at the hornet.
The puff of frost hits the hornet.
The orc hits you.
* * * LOW HITPOINT WARNING * * *
You can move again.
You feel better. The hornet stings your white imp.
Your white imp is poisoned.
Your white imp gestures at the hornet.
The puff of frost hits the hornet.
The hornet stings you.
* * * LOW HITPOINT WARNING * * *
You are poisoned.
You feel as though you will be slow longer.
The orc closely misses you.
Your white imp gestures at the hornet.
The puff of frost hits the hornet.
The hornet stings you!
You die...

#...######## #...# #.##.....#
##...[.....# #...###.#......#
##........# #...##.........#
#........#####........#.#...#
###........>..............#...#
........<..........#......#####
.....#.............#......#
...................#......#
..............5y@..#......#
..............5o......##.##
................###.####.#
................#...# #.#
#..###....(........## #.#
...###...........#.# #†#
#...........##.#.#.### #.#
..........#.##...#...###.#
#...........#............#


You could see a hornet, an orc, a friendly white imp (summoned, very poisoned)
and a friendly shadow imp (summoned, paralysed).

Vanquished Creatures
  Pikel (D:5)
  The ghost of RepoMan the Chiller, an amateur FoIE (D:4)
  3 yaks (D:5)
  A water moccasin (D:7)
  2 black bears
  An ice beast (D:5)
  2 phantoms
  3 centaurs
  3 ogres
  2 bullfrogs
  A wyvern zombie (D:6)
  A centaur zombie (D:7)
  2 howler monkeys
  8 orc priests
  4 bullfrog skeletons
  5 hounds
  7 orc wizards
  5 iguanas
  A centaur skeleton (D:7)
  Terence (D:2)
  3 worker ants
  A worker ant zombie (D:7)
  3 gnolls (D:4)
  A howler monkey skeleton (D:5)
  7 adders
  2 white imps
  An ufetubus (D:4)
  3 oozes
  2 adder zombies
  2 adder skeletons
  A worm (D:2)
  3 dart slugs
  5 leopard geckos
  33 orcs
  3 giant cockroaches
  11 goblins
  11 hobgoblins
  7 kobolds
  9 bats
  7 frilled lizards
  10 rats
179 creatures vanquished.

Vanquished Creatures (collateral kills)
  3 yaks (D:5)
  2 ogres
  2 bullfrogs (D:7)
  A bullfrog zombie (D:7)
  An orc priest (D:7)
  An orc wizard (D:7)
  A worker ant (D:7)
  An adder (D:5)
  3 orcs
15 creatures vanquished.

Vanquished Creatures (others)
  An orc wizard (D:4)
  91 foxfires
92 creatures vanquished.

Grand Total: 286 creatures vanquished

Notes
Turn   | Place    | Note
-------+----------+-------------------------------------------
     0 | D:1      | Kukuleta the Demonspawn Fire Elementalist began the quest
                  | for the Orb.
     0 | D:1      | Reached XP level 1. HP: 13/13 MP: 3/3
   369 | D:1      | Gained mutation: You are partially covered in rugged brown
                  | scales. (AC +1, +3% HP) [demonic ancestry]
   369 | D:1      | Reached XP level 2. HP: 12/20 MP: 5/5
  1509 | D:1      | Reached skill level 1 in Fighting
  1537 | D:1      | Gained mutation: You have sharp fingernails. [demonic
                  | ancestry]
  1537 | D:1      | Reached XP level 3. HP: 24/26 MP: 6/6
  2806 | D:2      | Reached XP level 4. HP: 29/32 MP: 5/7
  3131 | D:2      | Noticed an ogre
  3208 | D:2      | Killed an ogre
  3209 | D:2      | Reached skill level 1 in Maces & Flails
  3209 | D:2      | Reached skill level 1 in Armour
  3209 | D:2      | Reached XP level 5. HP: 7/39 MP: 6/9
  3534 | D:2      | Noticed Terence
  3608 | D:2      | Killed Terence
  4389 | D:2      | Gained mutation: When hurt, damage is shared between your
                  | health and your magic reserves. [demonic ancestry]
  4389 | D:2      | Reached XP level 6. HP: 22/46 MP: 8/10
  5991 | D:4      | Found a staircase to the Ecumenical Temple.
  5999 | Temple   | Entered the Ecumenical Temple
  6131 | Temple   | Became a worshipper of Sif Muna the Loreminder
  6147 | D:4      | Noticed an orc warrior
  6555 | D:3      | Gained mutation: A weak demonic guardian rushes to your
                  | aid. [demonic ancestry]
  6555 | D:3      | Reached XP level 7. HP: 17/53 MP: 6/12
  7054 | D:4      | Found a burning altar of Makhleb.
  7094 | D:4      | Found a radiant altar of Vehumet.
  7094 | D:4      | Found a sacrificial altar of Ru.
  7097 | D:4      | Found a basalt altar of Yredelemnul.
  7134 | D:4      | Found an iron altar of Okawaru.
  7134 | D:4      | Found an opulent altar of Gozag.
  7134 | D:4      | Found an ancient bone altar of Kikubaaqudgha.
  7134 | D:4      | Found a white marble altar of Elyvilon.
  7136 | D:4      | Found a sparkling altar of Nemelex Xobeh.
  7138 | D:4      | Found a glowing golden altar of the Shining One.
  7139 | D:4      | Found a snail-covered altar of Cheibriados.
  7412 | D:4      | Found a runed translucent door.
  7420 | D:4      | Noticed RepoMan's ghost (amateur FoIE)
  7969 | D:5      | Entered Level 5 of the Dungeon
  8340 | D:5      | Found Negocic's Armour Boutique.
  8669 | D:5      | Reached XP level 8. HP: 47/61 MP: 10/14
  8769 | D:5      | Reached skill level 5 in Armour
  8925 | D:5      | Reached * piety under Sif Muna
 10132 | D:6      | Noticed Pikel
 10289 | D:4      | Killed RepoMan's ghost
 10290 | D:4      | Reached skill level 5 in Fighting
 10482 | D:5      | Killed Pikel
 10483 | D:5      | Gained mutation: You are mostly covered in rugged brown
                  | scales. (AC +2, +5% HP) [demonic ancestry]
 10483 | D:5      | Reached XP level 9. HP: 43/71 MP: 10/15
 10965 | D:5      | Reached skill level 5 in Maces & Flails
 11543 | D:5      | Reached ** piety under Sif Muna
 12300 | D:6      | Found Gifipp's Gadget Shop.
 13273 | D:7      | Noticed a komodo dragon
 13273 | D:7      | Noticed a moth of wrath
 13274 | D:7      | Noticed Glamhuggeren's ghost (novice DsFE)
 13288 | D:7      | Found a transporter.
 13324 | D:7      | Found a transporter.
 13529 | D:7      | Gained mutation: You have very sharp fingernails. [demonic
                  | ancestry]
 13529 | D:7      | Reached XP level 10. HP: 82/82 MP: 13/16
 13604 | D:7      | Paralysed by a hornet for 3 turns
 13606 | D:7      | HP: 4/82 [hornet (6)]
 13607 | D:7      | Slain by a hornet

Illustrated notes

Levels and vault maps discovered:
D:1:      wander_arrival_fairy_ring, layout_basic
D:2:      layout_basic, uniq_terence
D:3:      layout_rooms, chequers_garden
D:4:      layout_loops_ring, nicolae_overflow_hidden_temple, minitemple,
          minmay_temple_entry_drinking_statues, ebering_ghost_reflecting_pool,
          kennysheep_generic_room_13
D:5:      layout_loops_corners, serial_rivers, chequers_serial_rivers_room_a,
          chequers_serial_rivers_micro_e, chequers_serial_rivers_micro_a,
          chequers_serial_rivers_micro_a, nicolae_ossuary_entry_plus,
          serial_shops, shop
D:6:      layout_basic, serial_shops, nicolae_shop_crystal, uniq_pikel
D:7:      layout_rooms, gammafunk_ghost_berserking_beasts
D:8:      layout_rooms, kennysheep_mini
Temple:   nicolae_temple_figure_zero

Skill      XL: |  1  2  3  4  5  6  7  8  9 |
---------------+----------------------------+-----
Fire Magic     | 3 4 |  4.8
Fighting       | 1 2 3 5 7 |  7.2
Maces & Flails | 1 2 3 4 6 |  6.5
Armour         | 1 2 3 4 6 7 |  7.0
Spellcasting   | 3 4 |  4.6
Dodging        | |  1.7
Stealth        | |  1.7
Conjurations   | |  1.9

Action                   |  1- 3 |  4- 6 |  7- 9 | 10-12 || total
-------------------------+-------+-------+-------+-------++-------
Melee: Whip              |    98 |       |       |       ||    98
       Mace              |    40 |   190 |    91 |       ||   321
       Flail             |       |       |   401 |     9 ||   410
 Cast: Foxfire           |     8 |    18 |    28 |       ||    54
  Use: Scroll            |       |     2 |       |       ||     2
       Potion            |       |       |       |     1 ||     1
 Stab: Sleeping          |     3 |       |     1 |       ||     4
       Distracted        |       |       |     2 |       ||     2
Armor: Robe              |    23 |       |       |       ||    23
       Ring mail         |       |   104 |   172 |       ||   276
       Leather armour    |       |       |    76 |    17 ||    93
Dodge: Dodged            |    77 |    97 |   277 |    23 ||   474
